 Dungeon Crawl Stone Soup version 0.23.2-40-g277498a001 (webtiles) character file.

Game seed: 15597228390751802162

830 Descartes the Covered (level 8, -3/60 HPs)
             Began as a Formicid Abyssal Knight on Sept 23, 2019.
             Was a Priest of Lugonu.
             Slain by an ogre
             ... wielding a +0 giant spiked club
              (20 damage)
             ... on level 5 of the Dungeon.
             The game lasted 00:09:45 (3725 turns).

Descartes the Covered (Formicid Abyssal Knight)     Turns: 3725, Time: 00:09:46

Health: -3/60      AC: 21    Str: 18    XL:     8   Next: 18%
Magic:  12/12      EV:  6    Int: 12    God:    Lugonu [***...]
Gold:   254        SH:  4    Dex: 11    Spells: 7/7 levels left

rFire    . . .     SeeInvis +   f - +2 mace (protect)
rCold    . . .     Gourm    .   o - +0 buckler
rNeg     . . .     Faith    .   l - +0 plate armour
rPois    .         Spirit   .   (helmet unavailable)
rElec    .         Reflect  .   (no cloak)
rCorr    .         Harm     .   (no gloves)
MR       .....                  e - +0 pair of boots
Stlth    ..........             (no amulet)
HPRegen  0.20/turn              (no ring)
MPRegen  0.13/turn              (no ring)

@: protection aura
A: permanent stasis, dig shafts and tunnels, four strong arms, antennae 3
a: Dig, Shaft Self, Depart the Abyss, Bend Space, Banish, Renounce Religion


You were on level 5 of the Dungeon.
You worshipped Lugonu.
Lugonu was most pleased with you.
You were hungry.

You visited 2 branches of the dungeon, and saw 6 of its levels.
You visited the Abyss 1 time.

You collected 254 gold pieces.

Inventory:

Hand Weapons
 a - a +1 hand axe
 f - a +2 mace of protection (weapon)
 n - a +3 dagger
Missiles
 b - 47 arrows
 j - 43 bolts
 k - 149 stones (quivered)
 s - 18 sling bullets
Armour
 e - a +0 pair of boots (worn)
 l - a +0 plate armour (worn)
 o - a +0 buckler (worn)
Magical Staves
 w - an uncursed staff of death {unknown}
Scrolls
 h - 4 scrolls of remove curse
 i - a scroll of enchant armour {unknown}
 u - a scroll of noise {unknown}
 v - a scroll of random uselessness {unknown}
 y - a scroll of fear {unknown}
Potions
 d - 2 potions of invisibility
 g - a potion of brilliance {unknown}
 m - a potion of might {unknown}
 p - a potion of cancellation {unknown}
 q - 2 potions of agility
 r - 3 potions of lignification
 t - a potion of degeneration {unknown}
 x - a potion of heal wounds {unknown}
Comestibles
 c - 4 rations


   Skills:
 - Level 3.6 Fighting
 - Level 2.0 Axes
 * Level 7.2 Armour
 - Level 1.4 Dodging
 - Level 1.4 Stealth
 - Level 2.4 Shields
 + Level 6.1 Invocations


You had 7 spell levels left.
You didn't know any spells.
Your spell library contained the following spells:

 Spells                   Type           Power        Failure   Level  Hunger
 Confusing Touch          Hex            #.....       100%        1    ##.....
 Confuse                  Hex            #.......     100%        3    ####...
 Gell's Gravitas          Tloc           #.........   100%        3    ####...
 Petrify                  Tmut/Erth      #.......     100%        4    #####..
 Metabolic Englaciation   Hex/Ice        #.........   100%        5    ######.
 Yara's Violent Unravell  Hex/Tmut       #.........   100%        5    ######.


Dungeon Overview and Level Annotations

Branches:
Dungeon (5/15)             Temple (1/1) D:4

Altars:
Ashenzari
Elyvilon
Hepliaklqana
Kikubaaqudgha
Nemelex Xobeh
Okawaru
Ru
Trog
Uskayaw
Vehumet
Yredelemnul
Zin
The Shining One


Innate Abilities, Weirdness & Mutations

You cannot be hasted, slowed, berserked, paralysed or teleported.
You can dig through walls and to a lower floor.
Your four strong arms can wield two-handed weapons with a shield.
You have a pair of large antennae on your head. (SInv)


Message History

You hit the ogre.
The ogre is moderately wounded.
The ogre hits you but does no damage.
You hit the ogre.
The ogre is moderately wounded.
The ogre hits you with a +0 giant spiked club!
* * * LOW HITPOINT WARNING * * *
You hit the ogre.
The ogre is heavily wounded.
The ogre hits you but does no damage.
You thump the ogre!
The ogre is almost dead.
You block the ogre's attack.
Your plate armour prevents you from hitting the ogre.
The ogre is almost dead.
The ogre hits you but does no damage.
You hit the ogre.
The ogre is almost dead.
The ogre hits you with a +0 giant spiked club!!
You die...

.##... .....#
#{..s ####
#..% ...
#.#.##)#
#.#.(..#
#.###[##
######.###.#
........@O.#
##.##..######
#.##.......#
#.###.####.#
#.# #.# #.#
#.# ##.###.##
###.###...##
#...##.....##


You could see an ogre.

Vanquished Creatures
  3 ogres
  A phantom (D:4)
  A scorpion (D:4)
  An orc priest (D:4)
  5 orc wizards
  A worker ant (D:4)
  A worker ant zombie (D:4)
  4 gnolls (D:3)
  11 adders
  An ooze (D:1)
  4 dart slugs
  5 leopard geckos
  8 orcs
  8 bats
  4 giant cockroaches
  2 hobgoblins
  4 jackals (D:4)
  4 quokkas
  A ball python (D:5)
  5 frilled lizards
  6 goblins
  8 kobolds
  A leopard gecko skeleton (D:4)
  A quokka skeleton (D:4)
  9 rats
99 creatures vanquished.

Notes
Turn   | Place    | Note
-------+----------+-------------------------------------------
     0 | Abyss:1  | Descartes the Formicid Abyssal Knight began the quest for
                  | the Orb.
     0 | Abyss:1  | Reached XP level 1. HP: 18/18 MP: 2/2
     1 | Abyss:1  | Found a corrupted altar of Lugonu.
    38 | D:1      | Escaped the Abyss
   115 | D:1      | Reached skill level 1 in Dodging
   115 | D:1      | Reached XP level 2. HP: 21/24 MP: 3/3
   171 | D:1      | Reached skill level 1 in Stealth
   383 | D:1      | Reached XP level 3. HP: 29/29 MP: 4/4
   446 | D:1      | Reached ** piety under Lugonu
   860 | D:2      | Reached XP level 4. HP: 37/37 MP: 6/6
   877 | D:2      | Reached skill level 3 in Armour
  1098 | D:2      | Found a bloodstained altar of Trog.
  1103 | D:2      | Reached skill level 1 in Shields
  1105 | D:2      | Reached XP level 5. HP: 42/42 MP: 7/7
  1584 | D:3      | Found a radiant altar of Vehumet.
  1705 | D:3      | Reached *** piety under Lugonu
  1705 | D:3      | Reached skill level 4 in Armour
  1732 | D:3      | Reached XP level 6. HP: 45/48 MP: 8/8
  1807 | D:3      | Reached skill level 5 in Armour
  2045 | D:3      | Found a sparkling altar of Nemelex Xobeh.
  2333 | D:4      | Reached XP level 7. HP: 21/53 MP: 10/10
  2767 | D:4      | Found a staircase to the Ecumenical Temple.
  2775 | Temple   | Entered the Ecumenical Temple
  2934 | D:4      | Reached skill level 5 in Invocations
  3000 | D:4      | Reached skill level 6 in Armour
  3551 | D:4      | Reached XP level 8. HP: 60/60 MP: 12/12
  3670 | D:5      | Entered Level 5 of the Dungeon
  3670 | D:5      | Found a hazy altar of Hepliaklqana.
  3709 | D:5      | Reached skill level 7 in Armour
  3725 | D:5      | Slain by an ogre

Skill      XL: |  1  2  3  4  5  6  7  8 |
---------------+-------------------------+-----
Dodging        | 1 |  1.4
Stealth        | 1 |  1.4
Invocations    | 3 4 5 6 |  6.1
Armour         | 3 4 5 6 7 |  7.2
Shields        | 1 2 |  2.4
Fighting       | |  3.6
Axes           | |  2.0

Action                   |  1- 3 |  4- 6 |  7- 9 || total
-------------------------+-------+-------+-------++-------
Melee: Mace              |    79 |   260 |   128 ||   467
 Abil: Dig               |       |     1 |       ||     1
  Use: Scroll            |       |     4 |       ||     4
  Eat: Chunk             |       |     6 |     4 ||    10
Armor: Ring mail         |    14 |       |       ||    14
       Plate armour      |    49 |   256 |    90 ||   395
Dodge: Dodged            |    33 |    93 |    44 ||   170
Block: Buckler           |       |    62 |    26 ||    88
